 Dungeon Crawl Stone Soup version 0.22.1-2-g9c5b331383 (webtiles) character file.

286 Marnok the Slasher (level 6, 0/51 HPs)
             Began as a Minotaur Gladiator on Dec 28, 2018.
             Succumbed to a gnoll's poison
             ... on level 3 of the Dungeon.
             The game lasted 00:04:31 (1111 turns).

Marnok the Slasher (Minotaur Gladiator)             Turns: 1111, Time: 00:04:32

Health: 0/51       AC:  3    Str: 18    XL:     6   Next: 8%
Magic:  5/5        EV: 14    Int:  5    God:
Gold:   28         SH:  0    Dex: 14    Spells: 5/5 levels left

rFire    . . .     SeeInvis .   a - +0 long sword
rCold    . . .     Gourm    .   (no shield)
rNeg     . . .     Faith    .   b - +0 leather armour
rPois    .         Spirit   .   c - +0 hat
rElec    .         Reflect  .   (no cloak)
rCorr    .         Harm     .   (no gloves)
MR       .....                  (no boots)
Stlth    +.........             (no amulet)
HPRegen  0.17/turn              (no ring)
MPRegen  0.09/turn              (no ring)

@: lethally poisoned (0 -> -6), hasted, very quick
A: retaliatory headbutt, horns 2
a: no special abilities


You were on level 3 of the Dungeon.
You were not hungry.

You visited 1 branch of the dungeon, and saw 4 of its levels.

You collected 28 gold pieces.

Inventory:

Hand Weapons
 a - a +0 long sword (weapon)
 h - a +0 club of chaos
Missiles
 d - 3 throwing nets (quivered)
Armour
 b - a +0 leather armour (worn)
 c - a +0 hat (worn)
Comestibles
 f - 3 rations
 g - a chunk of flesh


   Skills:
 + Level 3.4 Fighting
 + Level 5.8 Long Blades
 + Level 2.2 Throwing
 + Level 3.0 Armour
 + Level 4.6 Dodging
 + Level 0.4 Stealth


You had 5 spell levels left.
You didn't know any spells.
Your spell library was empty.

Dungeon Overview and Level Annotations

Branches:
Dungeon (4/15)
 Temple: D:4-7

Altars:

Annotations:
D:3 Natasha


Innate Abilities, Weirdness & Mutations

You reflexively headbutt those who attack you in melee.
You have a pair of horns on your head.


Message History

The gnoll is heavily wounded.
You feel sick. The gnoll completely misses you. You furiously retaliate!
You headbutt the gnoll. You completely miss the gnoll.
The gnoll is heavily wounded.
You feel sick.
The gnoll hits you with a dagger of chaos.
Space warps horribly around you!
* * * LOW HITPOINT WARNING * * *
It was a potion of haste.
You feel yourself speed up.
* * * LOW HITPOINT WARNING * * *
You feel sick. The gnoll barely misses you.
You aren't carrying any scrolls.
* * * LOW HITPOINT WARNING * * *
You feel sick.
* * * LOW HITPOINT WARNING * * *
You feel sick.
* * * LOW HITPOINT WARNING * * *
You feel sick.
You die...

#........†<
.####......÷
...###....... #
########...........##
#.#.........####.......
...........#####..)...
#..........#........#
#....................
#...@................
#....................
#....................
#######..##.....##.##
##g#.......#.#
#...........#
#....†....#.
##.#......... .
#..##....#.....


You could see a gnoll.

Vanquished Creatures
  Grinder (D:3)
  A hound (D:3)
  2 adders (D:2)
  A gnoll (D:3)
  An ooze (D:3)
  A worm (D:3)
  An orc (D:3)
  2 ball pythons
  4 giant cockroaches
  2 hobgoblins
  2 bats
  2 frilled lizards
  2 goblins (D:2)
  9 kobolds
  2 rats
33 creatures vanquished.

Notes
Turn   | Place    | Note
-------+----------+-------------------------------------------
     0 | D:1      | Marnok the Minotaur Gladiator began the quest for the Orb.
     0 | D:1      | Reached XP level 1. HP: 18/18 MP: 0/0
    32 | D:2      | Reached XP level 2. HP: 20/25 MP: 1/1
    47 | D:2      | Reached skill level 4 in Long Blades
   396 | D:2      | Reached XP level 3. HP: 30/30 MP: 2/2
   673 | D:3      | Reached skill level 1 in Armour
   690 | D:3      | Reached XP level 4. HP: 32/38 MP: 3/3
   799 | D:3      | Noticed Natasha
   818 | D:3      | Noticed Grinder
   826 | D:3      | Paralysed by Grinder for 7 turns
   845 | D:3      | Killed Grinder
   845 | D:3      | Reached skill level 5 in Long Blades
   845 | D:3      | Reached XP level 5. HP: 21/45 MP: 4/4
   845 | D:3      | Reached XP level 6. HP: 24/51 MP: 5/5
  1108 | D:3      | HP: 2/51 [poisoned by a gnoll]
  1111 | D:3      | Succumbed to a gnoll's poison

Skill      XL: |  1  2  3  4 |
---------------+-------------+-----
Long Blades    | 4 5 |  5.8
Fighting       | 3 |  3.4
Armour         | 1 3 |  3.0
Dodging        | 4 |  4.6
Throwing       | |  2.2
Stealth        | |  0.4

Action                   |  1- 3 |  4- 6 || total
-------------------------+-------+-------++-------
Melee: Long sword        |    35 |    32 ||    67
       Headbutt          |     6 |     6 ||    12
  Use: Potion            |       |     1 ||     1
  Eat: Chunk             |       |     1 ||     1
Armor: Leather armour    |     9 |     2 ||    11
Dodge: Dodged            |    30 |    20 ||    50
       Rpst.: Long sword |     6 |     4 ||    10
